 Dungeon Crawl Stone Soup version 0.31-a0-1-g4198be8af4 (webtiles) character file.

Game seed: 12649852738370087640

83 Jeffwins the Grave Robber (level 4, -1/27 HPs)
             Began as an Octopode Necromancer on May 1, 2023.
             Killed by divine providence
             ... invoked by an orc priest
              (15 damage)
             ... on level 3 of the Dungeon.
             The game lasted 00:04:39 (2241 turns).

Jeffwins the Grave Robber (Octopode Necromancer)    Turns: 2241, Time: 00:04:40

Health: -1/27      AC:  1    Str:  7    XL:     4   Next: 44%
Magic:  17/17      EV: 13    Int: 21    God:
Gold:   113        SH:  0    Dex: 12    Spells: 4/8 levels left

rFire   . . .        p - +2 short sword (venom)
rCold   . . .        l - orb of Youthful Indiscretion {*channel, Int+2}
rNeg    . . .        (helmet restricted)
rPois   .            (no amulet)
rElec   .            W - ring of magical power
rCorr   .            (no ring)
SInv    .            (no ring)
Will    .....        (no ring)
Stlth   +++          (no ring)
HPRegen 0.24/turn    (no ring)
MPRegen 0.15/turn    (no ring)
                     (no ring)

%: channel magic (20%)
@: no status effects
A: almost no armour, amphibious, 8 rings, camouflage 1, gelatinous body 1,
(nimble swimmer 1), tentacles
a: no special abilities


You were on level 3 of the Dungeon.
You visited 1 branch of the dungeon, and saw 3 of its levels.

You collected 113 gold pieces.


Innate Abilities, Weirdness & Mutations

You cannot wear most types of armour.
You are amphibious.
You can wear up to eight rings at the same time.
Your skin changes colour to match your surroundings (Stealth+).
Your rubbery body absorbs attacks. (AC +1, EV +1)
((You are camouflaged when in or above water. (Stealth+)))
You have tentacles for arms and can constrict up to eight enemies at once.


   Skills:
 * Level 1.0 Short Blades
 + Level 2.5 Dodging
 + Level 3.4 Stealth
 * Level 2.7 Spellcasting
 * Level 4.5 Necromancy


You had 4 spell levels left.
You knew the following spells:

 Your Spells              Type           Power      Damage    Failure   Level
x - Vampiric Draining     Necr           22%        2d7       17%         3
z - Necrotise             Necr           88%        1d8       8%          1

Your spell library contained the following spells:

 Spells                   Type           Power      Damage    Failure   Level
 Animate Dead             Necr           22%        N/A       41%         4
 Dazzling Flash           Conj/Hex       4%         N/A       61%         3
 Volatile Blastmotes      Fire/Tloc      4%         2d10      61%         3
 Anguish                  Hex/Necr       6%         N/A       69%         4
 Cause Fear               Hex            1%         N/A       92%         4
 Iskenderun's Mystic Bla  Conj/Tloc      2%         2d3       92%         4
 Agony                    Necr           22%        N/A       71%         5
 Starburst                Conj/Fire      1%         6d3       100%        6
 Enfeeble                 Hex            1%         N/A       100%        7

Inventory:

Hand Weapons
 m - a +0 dagger of venom
 p - a +2 short sword of venom (weapon)
Missiles
 c - 5 poisoned darts
Armour
 l - the orb of Youthful Indiscretion (worn) {*channel, Int+2}
   (You found it on level 2 of the Dungeon)

   Int:       It affects your intelligence (+2).
Jewellery
 W - a ring of magical power (left tentacle)
Scrolls
 b - a scroll of torment {unknown}
 d - a scroll of enchant weapon {unknown}
 g - a scroll of magic mapping {unknown}
 i - a scroll of identify {unknown}
 k - a scroll of fog {unknown}
 o - a scroll of amnesia {unknown}
Potions
 a - a potion of magic
 e - a potion of might {unknown}
 f - a potion of degeneration {unknown}
 h - 3 potions of heal wounds {unknown}
 j - 2 potions of lignification {unknown}
 n - 2 potions of curing {unknown}

Dungeon Overview and Level Annotations

Branches:
Dungeon (3/15)

Altars:

#.▒▒▒$⌠$▒▒▒.....##
#.▒▒.....▒▒.#..<).
#.▒.......▒.#.....
#.▒.~...~.▒.#.....
#.▒.......▒.#.....
#.▒.......▒.#.....
#.▒.......▒.#.....
#.▒.~...~.▒.#.....
#@▒.......▒.#.###.
#.o.........#.....
#####....########.
####..[oo.# #[
###.##.###.
#.##.....
#.####### #.# #.#


You could see an orc priest (extremely poisoned).


Message History

The orc priest calls down the wrath of Beogh upon you.
Beogh smites you!
An orc priest is nearby!
An orc priest is nearby!
Unknown command.
You start resting.
An orc priest is nearby!
The orc priest hits you with a +0 dagger.
Casting: Vampiric Draining (quite dangerous; 17% risk of failure)
Confirm with . or Enter, or press ? or * to list all spells.
The spell is quite dangerous to miscast (17% risk of failure)!
Continue anyway?
Okay, then.
Unknown command.
You closely miss the orc priest. Your grab misses the orc priest.
You squeeze the orc priest.
The orc priest is moderately wounded.
The orc priest closely misses you.
You hit the orc priest but do no damage.
The orc priest is poisoned.
You grab the orc priest.
The orc priest is moderately wounded.
You constrict the orc priest.
The orc priest hits you with a +0 dagger.
You hit the orc priest.
The orc priest looks as sick as possible!
The orc priest is severely wounded.
You constrict the orc priest.
The orc priest calls down the wrath of Beogh upon you.
Beogh smites you!
Ouch! That really hurt!
You die...

Skill      XL: |  1  2  3 |
---------------+----------+-----
Stealth        | 3 |  3.4
Short Blades   | 1 |  1.0
Dodging        | |  2.5
Spellcasting   | |  2.7
Necromancy     | |  4.5

Action                     |  1- 3 |  4- 6 || total
---------------------------+-------+-------++-------
  Melee: Unarmed           |    55 |       ||    55
         Constrict         |    20 |     2 ||    22
         Tentacles         |    19 |     2 ||    21
         Punch             |     1 |       ||     1
         Dagger            |    11 |     3 ||    14
         Short sword       |       |     3 ||     3
   Cast: Necrotise         |    26 |     4 ||    30
         Vampiric Draining |       |     1 ||     1
   Stab: Sleeping          |     8 |       ||     8
 Armour: Skin              |     8 |       ||     8
  Dodge: Dodged            |    49 |     4 ||    53

Levels and vault maps discovered:
D:1:      arrival_zaba_pyramid, layout_rooms
D:2:      layout_loops_cross, hellmonk_ecumenical_altar_heavens_door
D:3:      cheibrodos_pilgrimage, layout_basic

Notes
Turn   | Place    | Note
-------+----------+-------------------------------------------
     0 | D:1      | Jeffwins the Octopode Necromancer began the quest for the
                  | Orb.
     0 | D:1      | Reached XP level 1. HP: 11/11 MP: 3/3
   203 | D:1      | Reached XP level 2. HP: 17/17 MP: 3/5
   328 | D:1      | Reached skill level 3 in Stealth
   805 | D:2      | Reached XP level 3. HP: 21/21 MP: 6/6
   809 | D:2      | Learned a level 3 spell: Vampiric Draining
  1161 | D:2      | Found a faded altar of an unknown god.
  1209 | D:2      | Identified the orb of Youthful Indiscretion {*channel,
                  | Int+2}
  2062 | D:3      | Reached skill level 1 in Short Blades
  2062 | D:3      | Reached XP level 4. HP: 27/27 MP: 8/8
  2241 | D:3      | Killed from afar by an orc priest

Vanquished Creatures
  An orc wizard (D:3)
  An adder (D:3)
  A dart slug (D:1)
  3 orcs (D:3)
  7 ball pythons
  6 bats
  3 endoplasms
  3 goblins
  3 hobgoblins
  2 jackals (D:2)
  5 kobolds
  5 frilled lizards
  2 rats (D:1)
42 creatures vanquished.

Vanquished Creatures (collateral kills)
  A ball python (D:1)
1 creature vanquished.

Grand Total: 43 creatures vanquished

Table legend: (Time is in decaauts)
 A = Elapsed time spent in this place.
 B = Non-inter-level travel time spent in this place.
 C = Inter-level travel time spent in this place.
 D = Time resting spent in this place.
 E = Time spent auto-exploring this place.
 F = Levels seen in this place.
 G = Mean time per level.
                   A        B        C        D        E       F      G
               +--------+--------+--------+--------+--------+-----+--------+
         Total |   2239 |   2165 |     74 |    128 |   1655 |   3 |  746.3 |
       Dungeon |   2239 |   2165 |     74 |    128 |   1655 |   3 |  746.3 |
               +--------+--------+--------+--------+--------+-----+--------+

Top non-repeatable levels by time:
     D:2: 791 daAuts
     D:3: 768 daAuts
     D:1: 680 daAuts

Table legend:
 A = Non-vault XP
 B = Vault XP
 C = Vault XP percentage of total XP
 D = Non-vault monster count
 E = Vault monster count
 F = Vault count percentage of total count
                 A         B        C        D         E       F
            +---------+---------+-------+---------+---------+-------
      Total |      74 |      45 |  37.8 |      39 |       4 |   9.3
            +---------+---------+-------+---------+---------+-------
        D:1 |      32 |       0 |   0.0 |      18 |       0 |   0.0
        D:2 |      24 |       0 |   0.0 |      16 |       0 |   0.0
        D:3 |      18 |      45 |  71.4 |       5 |       4 |  44.4
            +---------+---------+-------+---------+---------+-------
